 Dungeon Crawl Stone Soup version 0.31-a0-986-g5e6e4ef867 (webtiles) character file.

Game seed: 15114392879504261669

79 Persephone the Poker (level 4, -3/35 HPs)
             Began as a Merfolk Fighter on Nov 7, 2023.
             Slain by a gnoll
             ... wielding a +0 falchion
             ... led by a gnoll bouda
              (7 damage)
             ... on level 3 of the Dungeon.
             The game lasted 00:02:03 (1727 turns).

Persephone the Poker (Merfolk Fighter)              Turns: 1727, Time: 00:02:03

Health: -3/35      AC:  6    Str: 18    XL:     4   Next: 38%
Magic:  4/4        EV:  9    Int:  7    God:
Gold:   129        SH:  4    Dex: 13    Spells: 3/3 levels left

rFire   . . .        a - +0 trident
rCold   . . .        c - +0 buckler
rNeg    . . .        b - +0 scale mail
rPois   .            (no helmet)
rElec   .            k - scarf {harm}
rCorr   .            (no gloves)
SInv    .            (no boots)
Will    .....        (no amulet) Stlth
                     (no ring)
HPRegen 0.25/turn    (no ring)
MPRegen 0.09/turn

%: harm (+30% outgoing, +20% incoming)
@: no status effects
A: (nimble swimmer 2), mertail
a: no special abilities


You were on level 3 of the Dungeon.
You visited 1 branch of the dungeon, and saw 3 of its levels.

You collected 129 gold pieces.

Inventory:

Hand Weapons
 a - a +0 trident (weapon)
Missiles
 l - 3 javelins
Armour
 b - a +0 scale mail (worn)
 c - a +0 buckler (worn)
 k - a scarf of harm (worn)
Wands
 t - a wand of quicksilver (10)
Scrolls
 e - a scroll of poison {unknown}
 f - 2 scrolls of fog {unknown}
 g - 2 scrolls of identify {unknown}
 i - a scroll of teleportation {unknown}
 j - a scroll of noise {unknown}
 o - a scroll of enchant weapon {unknown}
 u - 2 scrolls of blinking {unknown}
 w - a scroll of immolation {unknown}
Potions
 d - 2 potions of might
 h - a potion of heal wounds {unknown}
 m - 2 potions of invisibility {unknown}
 n - a potion of cancellation {unknown}
 p - a potion of enlightenment {unknown}
 q - 2 potions of resistance {unknown}
 r - a potion of curing {unknown}
 s - 2 potions of haste {unknown}
 v - a potion of mutation {unknown}


   Skills:
 - Level 3.2 Fighting
 + Level 6.0 Polearms
 - Level 2.1 Armour
 - Level 3.0 Shields


You had 3 spell levels left.
You didn't know any spells.
Your spell library contained the following spells:

 Spells                   Type           Power      Damage    Failure   Level
 Leda's Liquefaction      Hex/Erth       0%         N/A       100%        4
 Lee's Rapid Deconstruct  Erth           0%         3d4*      100%        5
 Bombard                  Conj/Erth      0%         9d1       100%        6


Dungeon Overview and Level Annotations

Branches:
Dungeon (3/15)

Altars:
Trog

Shops:
D:1 !


Innate Abilities, Weirdness & Mutations

((You are very nimble when in or above water. (Stealth+, EV+, Speed+++)))
Your lower body shifts to a powerful aquatic tail in water.


Message History

Starting script; Killing and exploring; No nearby monsters, exploring now Monster found; Killing and exploring; Evalutating dangerous sitituation Getting closest target; Target found Lua - initiating combat actions on gnoll bouda || reach is 1 Lua - moving closer to gnoll bouda A gnoll bouda comes into view.
It is wielding a +0 club and carrying a wand of iceblast.
The gnoll bouda shouts!
You hear a shout! x2
The gnoll bouda barks out a call to the hunt!
Things that are here:
a +0 leather armour; a +2 dagger of speed; a wand of paralysis (5) Monster found; Killing and exploring; Evalutating dangerous sitituation Getting closest target; Target found Lua - initiating combat actions on gnoll bouda || reach is 1 Lua - moving closer to gnoll bouda; Lua - done fight_enemy() Monster found; Killing and exploring; Evalutating dangerous sitituation Getting closest target; Target found Lua - initiating combat actions on gnoll bouda || reach is 1 Lua - moving closer to gnoll bouda; Lua - done fight_enemy()
A gnoll comes into view.
It is wielding a +0 halberd and quivering curare-tipped darts.
A gnoll comes into view. It is wielding a +0 spear.
A gnoll comes into view. It is wielding a +0 falchion.
Monster found x4; Killing and exploring; Evalutating dangerous sitituation Auto kill stopped - Too dangerous: Extremely Dangerous (0) Dangerous (4) Easy (0) Harmless (0)
You reach to attack!
The gnoll shouts! x2
You hit the gnoll bouda.
The gnoll bouda is lightly wounded.
A gnoll comes into view. It is wielding a +0 flail.
A gnoll comes into view. It is wielding a +0 club.
The gnoll bouda zaps a wand.
The mass of ice explodes!
The iceblast engulfs you!
You are too injured to fight recklessly!
You are too injured to fight recklessly!
The gnoll bouda zaps a wand.
The mass of ice explodes!
The iceblast engulfs you.
The gnoll bouda barks out a call to the hunt!
The gnoll hits you from afar with a +0 halberd!
* * * LOW HITPOINT WARNING * * *
The gnoll attacks as it pursues you! The gnoll hits you with a +0 falchion.
You die...

..#........########.)...
....................#.#.
.#....................#.
........................
.........<.........####.
#..#..............>####.
.........................
......#.........[...####.
........@...........#####
.........g###........#...#
#......#.g.# ####.###.....
.......gg#.# #.##......
..#..#..g#.######.##......
.........[...............
................>..#.....
#####...............#...#
#...............#####


You could see 5 gnolls.

Vanquished Creatures
  Ijyb (D:3)
  An adder (D:3)
  A worm (D:2)
  3 orcs (D:3)
  3 bats
  3 endoplasms
  4 giant cockroaches
  3 goblins
  7 hobgoblins
  2 quokkas
  2 ball pythons (D:1)
  2 frilled lizards
  3 kobolds
  A rat (D:1)
36 creatures vanquished.

Notes
Turn   | Place    | Note
-------+----------+-------------------------------------------
     0 | D:1      | Persephone the Merfolk Fighter began the quest for the Orb.
     0 | D:1      | Reached XP level 1. HP: 18/18 MP: 1/1
    36 | D:1      | Reached skill level 3 in Polearms
   138 | D:1      | Reached XP level 2. HP: 24/24 MP: 2/2
   186 | D:1      | Reached skill level 4 in Polearms
   270 | D:1      | Found Titousaf's Distillery.
   767 | D:2      | Reached XP level 3. HP: 29/29 MP: 3/3
  1389 | D:3      | Reached skill level 5 in Polearms
  1400 | D:3      | Found a bloodstained altar of Trog.
  1543 | D:3      | Noticed Ijyb
  1543 | D:3      | Noticed an ice beast
  1544 | D:3      | Paralysed by Ijyb for 3 turns
  1552 | D:3      | Paralysed by Ijyb for 5 turns
  1562 | D:3      | Paralysed by Ijyb for 3 turns
  1568 | D:3      | Paralysed by Ijyb for 3 turns
  1573 | D:3      | HP: 1/29 [Ijyb/+2 dagger of speed (4)]
  1574 | D:3      | Killed Ijyb
  1575 | D:3      | Reached skill level 6 in Polearms
  1575 | D:3      | Reached XP level 4. HP: 2/35 MP: 4/4
  1727 | D:3      | Slain by a gnoll

Illustrated notes

Levels and vault maps discovered:
D:1:      dpeg_arrival_arbitrary_a, layout_basic, serial_shops, shop
D:2:      layout_loops_ring, hangedman_abyss_or_decor_lesser_grid,
          chequers_serial_rivers_micro_a
D:3:      layout_rooms, mainiacjoe_overflow_alcove_1, minmay_misc_feat_plants,
          uniq_ijyb

Skill      XL: |  1  2  3 |
---------------+----------+-----
Polearms       | 3 4 6 |  6.0
Fighting       | |  3.2
Armour         | |  2.1
Shields        | |  3.0

Action                     |  1- 3 |  4- 6 || total
---------------------------+-------+-------++-------
  Melee: Trident           |   119 |     1 ||   120
 Armour: Scale mail        |    42 |     4 ||    46
  Dodge: Dodged            |    42 |       ||    42
  Block: Buckler           |    21 |       ||    21

Table legend: (Time is in decaauts)
 A = Elapsed time spent in this place.
 B = Non-inter-level travel time spent in this place.
 C = Inter-level travel time spent in this place.
 D = Time resting spent in this place.
 E = Time spent auto-exploring this place.
 F = Levels seen in this place.
 G = Mean time per level.
                   A        B        C        D        E       F      G
               +--------+--------+--------+--------+--------+-----+--------+
         Total |   1740 |   1618 |    122 |      0 |   1314 |   3 |  580.0 |
       Dungeon |   1740 |   1618 |    122 |      0 |   1314 |   3 |  580.0 |
               +--------+--------+--------+--------+--------+-----+--------+

Top non-repeatable levels by time:
     D:1: 769 daAuts
     D:2: 732 daAuts
     D:3: 238 daAuts
